 Dungeon Crawl Stone Soup version 0.26-a0-1222-g14533b3512 (webtiles) character file.

Game seed: 1173559721103872148

769 voltaire321 the Insei (level 7, -1/46 HPs)
             Began as an Octopode Transmuter on Dec 31, 2020.
             Was a Follower of Makhleb.
             Slain by an orc priest (3 damage)
             ... on level 4 of the Dungeon.
             The game lasted 00:16:14 (5719 turns).

voltaire321 the Insei (Octopode Transmuter)         Turns: 5719, Time: 00:16:14

Health: -1/46      AC:  2    Str: 16      XL:     7   Next: 82%
Magic:  12/12      EV: 14    Int: 21      God:    Makhleb [*.....]
Gold:   214        SH:  0    Dex: 11 (12) Spells: 7/13 levels left

rFire    . . .     SeeInvis .     - Unarmed
rCold    + . .     Faith    .   (no shield)
rNeg     . . .     Spirit   .   j - +1 hat
rPois    .         Reflect  .   (no amulet)
rElec    .         Harm     .   c - +6 ring of intelligence
rCorr    .         Rampage  .   d - ring of wizardry
Will     .....                  h - +6 ring of strength
Stlth    ++........             (no ring)
HPRegen  0.15/turn              (no ring)
MPRegen  0.13/turn              (no ring)
                                (no ring)
                                (no ring)

@: no status effects
A: almost no armour, stealthy swim, amphibious, 8 rings, constrict 8, camouflage
1, clumsy 1, cold resistance 1, gelatinous body 1
a: Renounce Religion


You were on level 4 of the Dungeon.
You worshipped Makhleb.
Makhleb was aware of your devotion.
You visited 1 branch of the dungeon, and saw 5 of its levels.

You collected 214 gold pieces.

Inventory:

Missiles
 m - 5 curare-tipped darts
Armour
 j - a +1 hat (worn)
Jewellery
 c - a +6 ring of intelligence (left tentacle)
 d - a ring of wizardry (right tentacle)
 h - a +6 ring of strength (on tentacle)
Scrolls
 a - a scroll of enchant weapon
 b - a scroll of identify
 f - a scroll of remove curse
 g - a scroll of noise {unknown}
 l - 2 scrolls of fear {unknown}
 o - 2 scrolls of magic mapping {unknown}
Potions
 e - a potion of haste
 n - a potion of degeneration {unknown}
 p - a potion of flight {unknown}


   Skills:
 + Level 3.1 Fighting
 + Level 2.1 Throwing
 + Level 3.8 Dodging
 + Level 4.4 Unarmed Combat
 + Level 3.5 Spellcasting
 + Level 3.8 Transmutations
 + Level 3.3 Poison Magic


You had 7 spell levels left.
You knew the following spells:

 Your Spells              Type           Power        Failure   Level
a - Beastly Appendage     Tmut           38%          1%          1
b - Wereblood             Tmut           19%          1%          2
c - Spider Form           Tmut/Pois      9%           3%          3

Your spell library contained the following spells:

 Spells                   Type           Power        Failure   Level
 Confusing Touch          Hex            3%           16%         3
 Gell's Gravitas          Tloc           1%           16%         3
 Ice Form                 Ice/Tmut       11%          22%         4
 Petrify                  Tmut/Erth      11%          22%         4
 Blade Hands              Tmut           9%           28%         5
 Yara's Violent Unravell  Hex/Tmut       5%           52%         5
 Metabolic Englaciation   Hex/Ice        1%           77%         5


Dungeon Overview and Level Annotations

Branches:
Dungeon (5/15)
 Temple: D:4-7

Altars:
Makhleb


Innate Abilities, Weirdness & Mutations

You cannot wear most types of armour.
You are very stealthy in the water. (Stealth+)
You are amphibious.
You can wear up to eight rings at the same time.
You can use your tentacles to constrict eight enemies at once.
Your skin changes colour to match your surroundings (Stealth+).
Your rubbery body absorbs attacks. (AC +1, EV +1)
You are clumsy. (Dex -2)
Your flesh is cold resistant. (rC+)


Message History

* * * LOW HITPOINT WARNING * * *
You miss the orc priest.
The orc priest is lightly wounded.
The orc priest mumbles some strange prayers to Beogh against you.
Beogh smites you!
* * * LOW HITPOINT WARNING * * *
The orc priest misses you.
It was a potion of mutation.
You feel extremely strange.
You feel clumsy.
You feel resistant to cold. The orc priest hits you.
* * * LOW HITPOINT WARNING * * *
The orc priest barely misses you.
It was a potion of cancellation.
Your magical effects are unravelling.
You feel magically purged.
Your tentacle spike disappears.
Your +1 hat unmelds from your body.
You feel less confused. The orc priest hits you.
You die...

##....## ##.[
##....# ### #....###
# ########......#
#.....##...##.#
#.###...<..##.## #.#
#...##.....#####
#.###.#####.........
#)o@#.# ##.######.
###.o.## ###.######.
###..###..........
#..(##.......[..
#.#........(....
#.###...........
####.####..........
#..................
#.....(............


You could see 2 orc priests.

Vanquished Creatures
  Blork the orc (D:4)
  3 scorpions (D:4)
  A quasit (D:5)
  An orc priest (D:4)
  An iguana (D:4)
  4 orc wizards (D:4)
  3 worker ants
  A hound zombie (D:5)
  7 gnolls
  10 adders
  An adder skeleton (D:4)
  A worm (D:2)
  2 dart slugs (D:1)
  3 leopard geckos
  14 orcs
  7 giant cockroaches
  8 goblins
  12 hobgoblins
  3 jackals (D:4)
  7 bats
  3 frilled lizards
  9 kobolds
  11 rats
113 creatures vanquished.

Vanquished Creatures (others)
  A plant (D:1)
1 creature vanquished.

Grand Total: 114 creatures vanquished

Notes
Turn   | Place    | Note
-------+----------+-------------------------------------------
     0 | D:1      | voltaire321 the Octopode Transmuter began the quest for the
                  | Orb.
     0 | D:1      | Reached XP level 1. HP: 13/13 MP: 3/3
   344 | D:1      | Reached XP level 2. HP: 9/18 MP: 3/5
   519 | D:1      | Learned a level 2 spell: Wereblood
  1405 | D:1      | Reached XP level 3. HP: 23/23 MP: 4/6
  1418 | D:1      | Learned a level 3 spell: Spider Form
  1913 | D:2      | Reached XP level 4. HP: 29/29 MP: 7/7
  2260 | D:2      | Reached skill level 1 in Poison Magic
  2710 | D:2      | Reached XP level 5. HP: 34/34 MP: 5/8
  2797 | D:2      | Found a faded altar of an unknown god.
  3660 | D:3      | Found a burning altar of Makhleb.
  3665 | D:3      | Became a worshipper of Makhleb the Destroyer
  3755 | D:4      | Reached XP level 6. HP: 39/39 MP: 10/10
  3761 | D:4      | Reached skill level 1 in Throwing
  3791 | D:4      | HP: 2/41 [poisoned by an adder]
  4133 | D:4      | Noticed Blork the orc
  4284 | D:4      | Killed Blork the orc
  4346 | D:4      | Reached skill level 4 in Unarmed Combat
  4556 | D:4      | Reached XP level 7. HP: 30/45 MP: 8/11
  5072 | D:4      | Reached * piety under Makhleb
  5479 | D:5      | Entered Level 5 of the Dungeon
  5718 | D:4      | Gained mutation: You are clumsy. (Dex -2) [potion of
                  | mutation]
  5718 | D:4      | Gained mutation: Your flesh is cold resistant. (rC+)
                  | [potion of mutation]
  5718 | D:4      | HP: 2/46 [orc priest (1)]
  5719 | D:4      | Slain by an orc priest

Illustrated notes

Levels and vault maps discovered:
D:1:      lemuel_arrival_room, layout_basic, serial_forest,
          infiniplex_forest_lined_3_way, infiniplex_forest_clump_medium,
          infiniplex_forest_corner_1, infiniplex_forest_lined_3,
          infiniplex_forest_corner_1, infiniplex_forest_straight_3,
          infiniplex_forest_clump_curved, kennysheep_decorative_pillar
D:2:      layout_basic, chequers_ecumenical_altar_simple_redux
D:3:      layout_loops_ring, lightli_temple_of_fire
D:4:      layout_rooms, kennysheep_generic_room_16, uniq_blork_the_orc
D:5:      layout_rooms, gup_sewer_entry_bubbles, serial_shops, shop, shop,
          kennysheep_mini, shop, shop

Skill      XL: |  1  2  3  4  5  6  7 |
---------------+----------------------+-----
Poison Magic   | 1 2 3 |  3.3
Fighting       | 2 3 |  3.1
Dodging        | 3 |  3.8
Transmutations | 3 |  3.8
Throwing       | 1 2 |  2.1
Spellcasting   | 3 |  3.5
Unarmed Combat | 4 |  4.4

Action                   |  1- 3 |  4- 6 |  7- 9 || total
-------------------------+-------+-------+-------++-------
Melee: Unarmed           |    61 |   134 |    58 ||   253
       Constrict         |    22 |    36 |    20 ||    78
       Kick              |    12 |    46 |    23 ||    81
       Tentacles         |     8 |    22 |    12 ||    42
       Punch             |     3 |     2 |     3 ||     8
 Cast: Beastly Appendage |    21 |    29 |     9 ||    59
       Wereblood         |       |     1 |     2 ||     3
       Spider Form       |       |     1 |       ||     1
  Use: Scroll            |       |     3 |     1 ||     4
       Potion            |       |       |     2 ||     2
 Stab: Sleeping          |     2 |     6 |     1 ||     9
Armor: Skin              |     4 |     6 |     1 ||    11
Dodge: Dodged            |    29 |    81 |    38 ||   148

Table legend: (Time is in decaauts)
 A = Elapsed time spent in this place.
 B = Non-inter-level travel time spent in this place.
 C = Inter-level travel time spent in this place.
 D = Time resting spent in this place.
 E = Time spent auto-exploring this place.
 F = Levels seen in this place.
 G = Mean time per level.
                   A        B        C        D        E       F      G
               +--------+--------+--------+--------+--------+-----+--------+
         Total |   5703 |   5681 |     22 |   2741 |   1586 |   5 | 1140.6 |
       Dungeon |   5703 |   5681 |     22 |   2741 |   1586 |   5 | 1140.6 |
               +--------+--------+--------+--------+--------+-----+--------+

Top non-repeatable levels by time:
     D:1: 1822 daAuts
     D:4: 1690 daAuts
     D:2: 1084 daAuts
     D:3: 1074 daAuts
     D:5: 31 daAuts
